 Dungeon Crawl Stone Soup version 0.31.0-32-g396128a36d (webtiles) character file.

Game seed: 13638808045603670102

627 MollyMolluskus the Ruffian (level 7, -2/49 HPs)
             Began as an Octopode Fighter on Mar 22, 2024.
             Was an Initiate of Wu Jian.
             Incinerated by a bombardier beetle (5 damage)
             ... with a burning spray
             ... on level 5 of the Dungeon.
             The game lasted 00:09:40 (3300 turns).

MollyMolluskus the Ruffian (Octopode Fighter)       Turns: 3300, Time: 00:09:40

Health: -2/49      AC:  1    Str: 18    XL:     7   Next: 48%
Magic:  7/7        EV: 13    Int: 10    God:    Wu Jian [......]
Gold:   145        SH:  4    Dex: 11    Spells: 6/6 levels left

rFire   . .          .
                       - Unarmed
rCold   . . .        a - +0 buckler
rNeg    . . .        (helmet restricted)
rPois   .            (no amulet)
rElec   .            c - ring of see invisible
rCorr   .            (no ring)
SInv    +            (no ring)
Will    .....        (no ring)
Stlth   ++           (no ring)
HPRegen 0.28/turn    (no ring)
MPRegen 0.10/turn    (no ring)
                     (no ring)

%: no passive effects
@: on fire, attractive, glowing
A: almost no armour, amphibious, 8 rings, camouflage 1, gelatinous body 1,
(nimble swimmer 1), tentacles
a: Renounce Religion


You were on level 5 of the Dungeon.
You worshipped Wu Jian.
Wu Jian was noncommittal.
You visited 2 branches of the dungeon, and saw 6 of its levels.

You collected 145 gold pieces.

Inventory:

Missiles
 i - a throwing net
 m - 8 poisoned darts
 q - 6 boomerangs (quivered)
Armour
 a - a +0 buckler (worn)
Jewellery
 c - a ring of see invisible (left tentacle)
Talismans
 g - a blade talisman
Wands
 p - a wand of quicksilver (5)
Scrolls
 o - a scroll of immolation
Potions
 b - a potion of might
 d - 2 potions of lignification
 e - a potion of ambrosia {unknown}
 f - 2 potions of mutation
 h - a potion of heal wounds {unknown}
 j - a potion of curing {unknown}
 k - a potion of enlightenment {unknown}
 l - a potion of attraction
 n - a potion of berserk rage {unknown}


   Skills:
 + Level 4.4 Fighting
 + Level 4.3 Dodging
 - Level 4.0 Stealth
 - Level 4.0 Shields
 * Level 4.9 Unarmed Combat
 + Level 1.2 Shapeshifting


You had 6 spell levels left.
You didn't know any spells.
Your spell library contained the following spells:

 Spells                   Type           Power      Damage    Failure   Level
 Blink                    Tloc           0%         N/A       58%         2
 Lesser Beckoning         Tloc           0%         N/A       58%         2
 Momentum Strike          Conj/Tloc      0%         3d8       58%         2


Dungeon Overview and Level Annotations

Branches:
Dungeon (5/15)             Temple (1/1) D:4

Altars:
Ashenzari
Cheibriados
Fedhas
Gozag
Hepliaklqana
Kikubaaqudgha
Makhleb
Nemelex Xobeh
Okawaru
Qazlal
Ru
Sif Muna
Trog
Uskayaw
Wu Jian
Xom
Yredelemnul
Zin
The Shining One


Innate Abilities, Weirdness & Mutations

You cannot wear most types of armour.
You are amphibious.
You can wear up to eight rings at the same time.
Your skin changes colour to match your surroundings (Stealth+).
Your rubbery body absorbs attacks. (AC +1, EV +1)
((You are camouflaged when in or above water. (Stealth+)))
You have tentacles for arms and can constrict up to eight enemies at once.


Message History

The bombardier beetle is lightly wounded.
You constrict the bombardier beetle.
The bombardier beetle sprays incendiary fluid at you.
The burning spray hits you.
You are covered in liquid fire!
You tentacle-slap the bombardier beetle.
The bombardier beetle is moderately wounded.
The liquid fire burns you!
You constrict the bombardier beetle, but do no damage.
You tentacle-slap the bombardier beetle. x2
The bombardier beetle is severely wounded.
The liquid fire burns you!
You constrict the bombardier beetle.
The bombardier beetle sprays incendiary fluid at you.
The burning spray hits you.
You are even more covered in liquid fire!
You tentacle-slap the bombardier beetle.
You kill the bombardier beetle!
The Council accepts your kill. The liquid fire burns you! The jelly hits you.
You are splashed with acid!
Unknown command.
You shake off some of the fire as you move.
The liquid fire burns you!
You shake off some of the fire as you move.
The liquid fire burns you!
You shake off some of the fire as you move.
The liquid fire burns you! The jelly attacks as it pursues you!
The jelly hits you.
* * * LOW HITPOINT WARNING * * *
You are splashed with acid!
* * * LOW HITPOINT WARNING * * *
You shake off some of the fire as you move.
The liquid fire burns you!
* * * LOW HITPOINT WARNING * * *
Okay, then.
It was a potion of attraction.
You feel attractive to monsters. The liquid fire burns you!
You die...

#....#. .....
..... ### ...
..#... #.#.#
#### #..[# .....
#..#######......
#..†...J@..# .#
#.#........# .#
#.##.#####.#
#####.# #. #.#
.# ....#.# #?
#.# # ###.#.# #.
#.# #.#.# #. #.#
#.#.###.##.#
###.......##.#


You could see a jelly.

Vanquished Creatures
  A water moccasin (D:3)
  A black bear (D:3)
  A bombardier beetle (D:5)
  4 hounds
  4 iguanas
  Terence (D:2)
  An orc wizard (D:3)
  2 adders (D:2)
  2 ufetubi (D:3)
  A ribbon worm (D:4)
  4 dart slugs
  9 orcs (D:3)
  6 ball pythons
  10 endoplasms
  A giant cockroach (D:3)
  5 goblins
  5 hobgoblins
  9 jackals
  4 quokkas
  2 bats
  5 frilled lizards
  6 kobolds
  5 rats
89 creatures vanquished.

Notes
Turn   | Place    | Note
-------+----------+-------------------------------------------
     0 | D:1      | MollyMolluskus the Octopode Fighter began the quest for the
                  | Orb.
     0 | D:1      | Reached XP level 1. HP: 16/16 MP: 1/1
   148 | D:1      | Reached XP level 2. HP: 21/21 MP: 2/2
   272 | D:1      | Reached skill level 1 in Stealth
   778 | D:1      | Found an ancient bone altar of Kikubaaqudgha.
   829 | D:2      | Identified a scroll of acquirement
   829 | D:2      | Acquired a ring of see invisible
   846 | D:2      | Reached XP level 3. HP: 26/26 MP: 3/3
   902 | D:2      | Found a glowing golden altar of the Shining One.
   947 | D:2      | Found a faded altar of an unknown god.
   973 | D:2      | Noticed Terence
   978 | D:2      | Killed Terence
   979 | D:2      | Reached XP level 4. HP: 13/31 MP: 4/4
  1749 | D:3      | Noticed a water moccasin
  1828 | D:3      | Reached XP level 5. HP: 36/36 MP: 5/5
  1830 | D:3      | Killed a water moccasin
  1871 | D:3      | Reached XP level 6. HP: 37/43 MP: 6/6
  2158 | D:3      | Noticed a black bear
  2166 | D:3      | Killed a black bear
  2538 | D:4      | Found a shimmering blue altar of Sif Muna.
  2736 | D:4      | Found a staircase to the Ecumenical Temple.
  2743 | Temple   | Entered the Ecumenical Temple
  2749 | Temple   | Became a worshipper of the Wu Jian Council
  2816 | D:4      | Reached XP level 7. HP: 48/48 MP: 7/7
  3024 | D:5      | Entered Level 5 of the Dungeon
  3202 | D:5      | Reached skill level 1 in Shapeshifting
  3299 | D:5      | HP: 2/49 [burnt (4)]
  3300 | D:5      | Incinerated by a bombardier beetle

Illustrated notes

Levels and vault maps discovered:
D:1:      dpeg_arrival_lava_altar, layout_loops_ring
D:2:      layout_basic, basic_altar, shapermc_ecumenical_altar_venn,
          uniq_terence
D:3:      layout_rooms
D:4:      layout_basic, nicolae_sif_muna_little_library,
          minmay_temple_entry_mist
D:5:      layout_loops_ring, chequers_serial_rivers_marsh, grunt_decor_cap,
          chequers_hall_statues_corner_a, minmay_misc_feat_tower,
          kennysheep_generic_room_2, uniq_pikel, uniq_ijyb
Temple:   dpeg_three_leaves_temple

Skill      XL: |  1  2  3  4  5  6  7 |
---------------+----------------------+-----
Stealth        | 1 2 3 4 |  4.0
Unarmed Combat | 3 4 |  4.9
Fighting       | 4 |  4.4
Dodging        | 4 |  4.3
Shields        | 4 |  4.0
Shapeshifting  | 1 |  1.2

Action                     |  1- 3 |  4- 6 |  7- 9 || total
---------------------------+-------+-------+-------++-------
  Melee: Unarmed           |    58 |   120 |    26 ||   204
         Constrict         |    17 |    28 |     7 ||    52
         Tentacles         |    11 |    23 |     4 ||    38
         Punch             |     1 |     2 |     4 ||     7
  Throw: Stone             |     1 |       |       ||     1
Ability: Lunge             |       |     3 |     7 ||    10
    Use: Scroll            |     6 |     5 |       ||    11
         Potion            |       |       |     1 ||     1
   Stab: Sleeping          |     6 |    11 |     4 ||    21
         Distracted        |       |     1 |       ||     1
 Armour: Skin              |    15 |    35 |     6 ||    56
  Dodge: Dodged            |    25 |    67 |     4 ||    96
  Block: Buckler           |    13 |    14 |     5 ||    32
